 Dungeon Crawl Stone Soup version 0.29.1-2-gbd0b4ee654 (webtiles) character file.

Game seed: 11356500036871899350

70 zeram the Sneak (level 4, -4/22 HPs)
             Began as a Spriggan Brigand on Nov 7, 2022.
             Slain by a gnoll
             ... wielding a +3 spear
              (5 damage)
             ... on level 3 of the Dungeon.
             The game lasted 00:03:47 (2731 turns).

zeram the Sneak (Spriggan Brigand)                  Turns: 2731, Time: 00:03:48

Health: -4/22      AC:  3    Str:  7    XL:     4   Next: 3%
Magic:  5/5        EV: 17    Int: 14    God:
Gold:   97         SH:  0    Dex: 16    Spells: 3/3 levels left

rFire   + . .      SeeInvis +   a - +2 dagger
rCold   + . .      Faith    .   (no shield)
rNeg    . . .      Spirit   .   b - +0 robe
rPois   +          Reflect  .   (helmet restricted)
rElec   +          Harm     .   c - +0 cloak
rCorr   +          Rampage  .   (gloves unavailable)
Will    .....      Clarity  +   (boots unavailable)
Stlth   ++++......              (no amulet)
HPRegen 0.07/turn               (no ring)
MPRegen 0.09/turn               (no ring)

@: brilliant, resistant, flying, very quick
A: very small, no large weapons, unfitting armour, see invisible, speed 3,
clarity, MP-powered wands
a: no special abilities


You were on level 3 of the Dungeon.
You visited 1 branch of the dungeon, and saw 3 of its levels.

You collected 97 gold pieces.

Inventory:

Hand Weapons
 a - a +2 dagger (weapon)
Missiles
 d - 20 poisoned darts (quivered)
 e - 3 curare-tipped darts
Armour
 b - a +0 robe (worn)
 c - a +0 cloak (worn)
Scrolls
 h - a scroll of teleportation
Potions
 i - a potion of resistance
 j - a potion of haste
 k - a potion of flight
 l - a potion of mutation
 m - a potion of lignification {unknown}


   Skills:
 - Level 1.5 Fighting
 + Level 3.1 Short Blades
 - Level 2.0 Throwing
 + Level 2.2 Dodging
 + Level 7.5 Stealth


You had 3 spell levels left.
You didn't know any spells.
Your spell library contained the following spells:

 Spells                   Type           Power      Damage    Failure   Level
 Foxfire                  Conj/Fire      0%         2x1d4     28%         1
 Sandblast                Erth           0%         2d4       28%         1
 Passwall                 Tmut/Erth      0%         N/A       41%         2
 Conjure Flame            Conj/Fire      0%         6-21      65%         3
 Ignite Poison            Fire/Tmut/Pois 0%         N/A       65%         3
 Inner Flame              Hex/Fire       0%         N/A       65%         3
 Mephitic Cloud           Conj/Pois/Air  0%         N/A       65%         3
 Stone Arrow              Conj/Erth      0%         3d7       65%         3
 Animate Armour           Summ/Erth      0%         N/A       96%         4
 Flame Wave               Conj/Fire      0%         2d4       96%         4
 Freezing Cloud           Conj/Ice/Air   0%         6-21      100%        5
 Lehudib's Crystal Spear  Conj/Erth      0%         10d2      100%        8


Dungeon Overview and Level Annotations

Branches:
Dungeon (3/15)

Altars:

Annotations:
D:3 Grinder


Innate Abilities, Weirdness & Mutations

You are very small and have problems with some larger weapons.
You are too small for most types of armour.
You have supernaturally acute eyesight. (SInv)
You cover ground extremely quickly. (Speed+++)
You possess an exceptional clarity of mind.
You expend magic power (3 MP) to strengthen your wands.


Message History

You hear the quick rusting of a very distant drain.
The adder closely misses you.
The gnoll hits you from afar with a +3 spear.
You hit the adder.
The adder is almost dead.
The adder misses you. The adder barely misses you.
You hit the adder.
You kill the adder!
The gnoll throws a throwing net.
The throwing net hits you.
You become entangled in the net!
You have reached level 4!
You aren't carrying any items that you can evoke.
You feel better.
The gnoll hits you from afar with a +3 spear.
You tear a large gash into the net.
The gnoll hits you but does no damage.
You shred the net and break free! The gnoll barely misses you.
The gnoll barely misses you.
You barely miss the gnoll. The gnoll hits you with a +3 spear!
* * * LOW HITPOINT WARNING * * *
You hit the gnoll.
The gnoll is heavily wounded.
The gnoll hits you with a +3 spear.
* * * LOW HITPOINT WARNING * * *
You feel better. The gnoll hits you with a +3 spear!
* * * LOW HITPOINT WARNING * * *
Okay, then.
It was a potion of flight.
You feel very buoyant.
You fly up into the air.
The gnoll completely misses you.
It was a potion of mutation.
You feel extremely strange.
Your thoughts seem clearer.
You feel your magical essence link to the dungeon's wands.
The gnoll closely misses you.
It was a potion of resistance.
You feel protected. The gnoll completely misses you.
It was a potion of brilliance.
You feel clever all of a sudden. The gnoll hits you with a +3 spear.
You die...

##....#
##.....<#.#..# #
...# #......#.#..#
# ..#
#......#.#..#######
# .#
#......#.#.........
# #
#......#.#..#######
.......#......g...#
####..#####.# #
#...........#
#..#.##@g###..#####
#....### ..8#
#.##..# S>..# #.#..
....# ..##.# g.8##
.#. .# ..## .# . .
### . # # .#


You could see a gnoll and a hobgoblin (wandering).

Vanquished Creatures
  2 adders
  2 dart slugs (D:1)
  3 ball pythons
  4 bats
  A giant cockroach (D:2)
  3 goblins
  5 hobgoblins
  6 jackals (D:1)
  8 kobolds
  A quokka (D:1)
  3 frilled lizards (D:1)
  6 rats
44 creatures vanquished.

Vanquished Creatures (others)
  7 plants (D:3)
7 creatures vanquished.

Grand Total: 51 creatures vanquished

Notes
Turn   | Place    | Note
-------+----------+-------------------------------------------
     0 | D:1      | zeram the Spriggan Brigand began the quest for the Orb.
     0 | D:1      | Reached XP level 1. HP: 10/10 MP: 2/2
    35 | D:1      | Reached skill level 6 in Stealth
   167 | D:1      | Reached XP level 2. HP: 7/14 MP: 3/3
   598 | D:1      | Found Lianoeno's Jewellery Emporium.
   917 | D:1      | Reached skill level 7 in Stealth
   965 | D:1      | Reached XP level 3. HP: 18/18 MP: 4/4
  2013 | D:2      | Found a faded altar of an unknown god.
  2367 | D:3      | Noticed Grinder
  2721 | D:3      | Reached XP level 4. HP: 11/22 MP: 5/5
  2727 | D:3      | HP: 1/22 [gnoll/+3 spear (10)]
  2729 | D:3      | Gained mutation: You possess an exceptional clarity of
                  | mind. [potion of mutation]
  2729 | D:3      | Gained mutation: You expend magic power (3 MP) to
                  | strengthen your wands. [potion of mutation]
  2731 | D:3      | Slain by a gnoll

Illustrated notes

Levels and vault maps discovered:
D:1:      psy_arrival_terrarium, layout_basic, serial_shops,
          nicolae_shop_hallway_stairs
D:2:      layout_basic, dreamdust_ecumenical_altar_hidden_monk_grotto,
          amcnicky_mini_pool_small
D:3:      layout_basic, mainiacjoe_overflow_alcove_2, mainiacjoe_overflow_paths,
          gup_sewer_entry_spiral, st_stairs_6, serial_bayou_pond_c,
          nicolae_eternal_life, uniq_grinder

Skill      XL: |  1  2  3 |
---------------+----------+-----
Stealth        | 6 7 |  7.5
Dodging        | 2 |  2.2
Short Blades   | 3 |  3.1
Fighting       | |  1.5
Throwing       | |  2.0

Action                   |  1- 3 |  4- 6 || total
-------------------------+-------+-------++-------
Melee: Dagger            |   131 |     2 ||   133
  Use: Scroll            |     6 |       ||     6
       Potion            |     3 |     6 ||     9
 Stab: Sleeping          |    21 |       ||    21
Armor: Robe              |    18 |     1 ||    19
Dodge: Dodged            |    86 |     5 ||    91
